Map: 凯罗斯中转站-天梯版

Players

Drager - Winner!

  • Race: Protoss Protoss
  • League: Diamond

Elazer

  • Race: Zerg Zerg

Event: WESG 2018 Grand Finals

VOD

Have the link to the VOD?

Description

Time

  • Played on: March 11, 2019, 5:21 a.m.
  • Length: 8:23

All games in this series

Show
View Real Time Build Order
Export as new Build Order

Drager Protoss - Winner!

Build Orders: 1 Gate Expand, Zealot Archon, Archon Drop, Dark Templar Rush 

Get SALT Encoding   

  12  0:00  Probe  
  13  0:13  Probe  
  14  0:17  Pylon  
  14  0:24  Probe  
  15  0:32  Probe  
  15  0:37  Gateway  
  15  0:40  Probe  
  16  0:47  Assimilator  
  17  0:51  Probe  
  18  1:03  Probe  
  19  1:15  Probe  
  20  1:24  Nexus  
  20  1:34  Cybernetics Core  
  20  1:37  Probe  
  21  1:44  Assimilator  
  21  1:49  Probe  
  21  1:51  Pylon  
  22  2:00  Adept  
  22  2:01  Probe  
  23  2:13  Probe  
  26  2:16  Warp Gate  
  26  2:23  Twilight Council  
  26  2:25  Probe  
  27  2:30  Stalker  
  27  2:34  Probe  
  27  2:35  Probe  
  29  2:43  Probe x2  
  33  2:52  Probe x2  
  35  3:00  Robotics Facility  
  35  3:04  Probe  
  35  3:05  Probe  
  37  3:16  Probe  
  37  3:17  Probe  
  37  3:19  Gateway  
  39  3:24  Dark Shrine  
  39  3:28  Probe  
  39  3:32  Gateway  
  40  3:36  Probe, Gateway  
  40  3:39  Warp Prism  
  42  3:44  Pylon  
  42  3:48  Probe  
  43  3:50  Probe  
  43  3:54  Assimilator  
  45  3:56  Assimilator  
  45  4:00  Probe  
  47  4:02  Probe  
  47  4:06  Pylon  
  47  4:12  Probe  
  47  4:14  Probe  
  49  4:24  Probe  
  49  4:28  Probe  
  51  4:36  Dark Templar  
  51  4:37  Dark Templar x3  
  59  4:41  Archon x2  
  59  4:46  Forge  
  59  4:51  Observer  
  59  4:54  Nexus  
  59  4:56  Pylon  
  60  5:05  Pylon  
  60  5:08  Protoss Ground Weapons Level 1, Charge  
  60  5:11  Immortal  
  60  5:26  Gateway  
  60  5:27  Gateway  
  64  5:29  Gateway  
  64  5:33  Gateway  
  64  5:39  Immortal  
  64  5:40  Sentry x3, Pylon  
  74  6:05  Immortal  
  74  6:12  Sentry x2, Zealot  
  74  6:13  Zealot  
  86  6:22  Pylon  
  86  6:34  Zealot x2  
  86  6:35  Zealot x5  
  86  6:37  Pylon  
  100  6:44  Probe  
  98  6:50  Zealot  
  100  7:00  Pylon x2  
  100  7:02  Dark Templar  
  100  7:04  Dark Templar x3  
  100  7:08  Archon x2  
  108  7:10  Zealot  
  108  7:13  Zealot x2  
  113  7:26  Zealot  
  107  7:30  Zealot  
  107  7:36  Zealot x3  
  107  7:43  Zealot x3  
  97  7:56  Zealot x5  
  85  8:15  Zealot x3  
  85  8:20  Zealot x4  
Show
View Real Time Build Order
Export as new Build Order

Elazer Zerg 

Build Orders: Pool First 

Get SALT Encoding   

  12  0:00  Drone  
  13  0:12  Overlord  
  13  0:16  Drone  
  14  0:30  Drone x2  
  14  0:35  Drone  
  17  0:44  Extractor  
  17  0:45  Drone  
  17  0:48  Spawning Pool  
  16  0:55  Drone  
  17  1:13  Hatchery  
  17  1:17  Drone  
  17  1:20  Drone  
  18  1:34  Queen  
  18  1:36  Zergling x2  
  21  1:50  Overlord  
  21  1:53  Drone  
  22  2:09  Drone  
  22  2:10  Queen, Drone  
  26  2:21  Drone  
  27  2:26  Drone  
  28  2:32  Drone  
  28  2:36  Drone  
  30  2:44  Drone x2  
  30  2:49  Hatchery  
  31  2:54  Overlord  
  31  2:55  Drone x2  
  33  3:01  Drone x2  
  33  3:03  Lair  
  35  3:11  Queen  
  36  3:16  Drone  
  36  3:18  Drone  
  38  3:22  Overlord, Drone  
  38  3:23  Drone x2  
  41  3:28  Drone  
  41  3:30  Drone  
  43  3:34  Roach Warren  
  43  3:36  Drone  
  43  3:41  Drone  
  43  3:42  Extractor  
  43  3:43  Extractor  
  43  3:44  Drone  
  43  3:47  Drone x2  
  45  3:48  Queen  
  45  3:52  Drone  
  45  3:54  Drone  
  49  3:57  Overlord  
  49  3:58  Drone x2  
  49  4:01  Drone  
  49  4:02  Drone  
  53  4:04  Overlord  
  53  4:08  Overseer  
  53  4:11  Overlord  
  53  4:15  Roach x2  
  57  4:21  Roach x2  
  57  4:23  Roach  
  63  4:26  Overlord  
  63  4:29  Glial Reconstitution  
  63  4:32  Roach x2  
  63  4:35  Roach  
  69  4:40  Roach, Drone  
  69  4:41  Drone x3  
  73  4:49  Drone x3  
  76  4:56  Extractor  
  76  4:57  Ravager  
  75  5:00  Overlord  
  75  5:01  Roach x3  
  75  5:02  Overseer  
  81  5:09  Overlord  
  81  5:20  Roach x3  
  87  5:21  Roach  
  87  5:23  Overlord  
  87  5:24  Evolution Chamber  
  87  5:26  Extractor  
  87  5:29  Drone x8  
  87  5:31  Drone x3  
  87  5:34  Overlord  
  98  5:42  Overlord  
  98  5:46  Overlord  
  98  5:54  Zerg Missile Weapons Level 1  
  98  5:55  Overlord  
  98  5:58  Roach x4, Drone x2  
  98  6:01  Extractor  
  98  6:03  Drone  
  108  6:05  Overlord, Hydralisk Den, Drone  
  108  6:06  Drone x2  
  110  6:14  Drone x2  
  110  6:15  Drone  
  110  6:16  Overlord  
  113  6:20  Roach x2, Hatchery  
  113  6:24  Roach  
  118  6:29  Roach x4  
  126  6:33  Roach x2  
  126  6:34  Ravager x3  
  126  6:36  Roach  
  126  6:37  Roach  
  137  6:43  Roach x4  
  149  6:47  Roach x2  
  149  6:54  Ravager x2  
  149  6:55  Overlord  
  149  6:57  Roach  
  149  7:00  Overlord  
  149  7:01  Overlord  
  153  7:02  Ravager  
  154  7:16  Roach x4  
  162  7:23  Ravager x2  
  158  7:30  Roach x10  
  158  7:35  Roach x2  
  158  7:37  Queen  
  158  7:40  Roach x2  
  122  7:52  Roach x3  
  122  7:58  Roach x3  
Tags
 
Add a new tag
Caveats
  • Supply blocks, unpowered buildings, or Contaminate may cause inaccurate times.
  • Supply counts are checked every 10 seconds.